 Dungeon Crawl Stone Soup version 0.29.1-15-g9cfb28693d (webtiles) character file.

Game seed: 13384972880751249698

114 zeram the Caller (level 4, -4/32 HPs)
             Began as a Gnoll Summoner on Feb 25, 2023.
             Killed by nerve-wracking pain
             ... invoked by Menkaure
              (14 damage)
             ... on level 3 of the Dungeon.
             The game lasted 00:08:52 (4111 turns).

zeram the Caller (Gnoll Summoner)                   Turns: 4111, Time: 00:08:53

Health: -4/32      AC:  2    Str:  7    XL:     4   Next: 97%
Magic:  4/11       EV: 13    Int: 16    God:
Gold:   123        SH:  0    Dex: 13    Spells: 4/13 levels left

rFire   . . .      SeeInvis .   c - +3 sling
rCold   . . .      Faith    .   (no shield)
rNeg    . . .      Spirit   .   a - +0 robe
rPois   .          Reflect  .   (no helmet)
rElec   .          Harm     .   (no cloak)
rCorr   .          Rampage  .   (no gloves)
Will    .....                   (no boots)
Stlth   +++.......              (no amulet)
HPRegen 0.10/turn               (no ring)
MPRegen 0.12/turn               (no ring)

@: no status effects
A: fangs 1, strong nose, distributed training
a: no special abilities


You were on level 3 of the Dungeon.
You visited 1 branch of the dungeon, and saw 4 of its levels.

You collected 123 gold pieces.

Inventory:

Hand Weapons
 c - a +3 sling (weapon)
Armour
 a - a +0 robe (worn)
Wands
 s - a wand of paralysis (12)
Scrolls
 e - a scroll of magic mapping
 q - a scroll of amnesia
Potions
 b - a potion of magic
 f - a potion of brilliance {unknown}
 h - 2 potions of curing
 i - 2 potions of ambrosia {unknown}
 j - a potion of flight {unknown}
 l - a potion of mutation {unknown}
 m - 2 potions of attraction
 n - 2 potions of degeneration
 o - a potion of cancellation {unknown}
 p - a potion of heal wounds {unknown}
 t - a potion of might {unknown}


   Skills:
 + Level 1.3 Fighting
 + Level 1.3 Short Blades
 + Level 1.3 Long Blades
 + Level 1.3 Axes
 + Level 1.3 Maces & Flails
 + Level 1.3 Polearms
 + Level 1.3 Staves
 + Level 1.3 Ranged Weapons
 + Level 1.3 Throwing
 + Level 1.3 Armour
 + Level 4.7 Dodging
 + Level 4.3 Stealth
 + Level 1.3 Shields
 + Level 1.3 Unarmed Combat
 + Level 5.1 Spellcasting
 + Level 1.1 Conjurations
 + Level 1.1 Hexes
 + Level 7.1 Summonings
 + Level 1.1 Necromancy
 + Level 1.1 Translocations
 + Level 1.1 Transmutations
 + Level 1.1 Fire Magic
 + Level 1.1 Ice Magic
 + Level 1.1 Air Magic
 + Level 1.1 Earth Magic
 + Level 1.1 Poison Magic
 + Level 1.5 Invocations
 + Level 1.3 Evocations


You had 4 spell levels left.
You knew the following spells:

 Your Spells              Type           Power      Damage    Failure   Level
b - Call Imp              Summ           27%        N/A       1%          2
c - Call Canine Familiar  Summ           27%        N/A       2%          3
d - Summon Lightning Spi  Summ/Air       17%        N/A       26%         4

Your spell library contained the following spells:

 Spells                   Type           Power      Damage    Failure   Level
 Summon Small Mammal      Summ           100%       N/A       1%          1
 Summon Guardian Golem    Hex/Summ       17%        N/A       9%          3
 Shock                    Conj/Air       28%        1d4       10%         1
 Confusing Touch          Hex            7%         N/A       28%         3
 Swiftness                Air            7%         N/A       28%         3
 Airstrike                Air            3%         2d(1-17)  67%         4
 Yara's Violent Unravell  Hex/Tmut       3%         3d4       95%         5
 Enfeeble                 Hex            3%         N/A       100%        7


Dungeon Overview and Level Annotations

Branches:
Dungeon (4/15)
 Temple: D:4-7

Altars:
The Shining One

Annotations:
D:3 Menkaure


Innate Abilities, Weirdness & Mutations

You have very sharp teeth.
Your uncanny sense of smell can sniff out nearby items.
Your experience applies equally to all skills.


Message History

Aim: Menkaure (lightly damaged, not watching you, ally target, 73% to hit)
You shoot a sling bullet. The sling bullet hits Menkaure.
Menkaure is moderately damaged.
Menkaure gestures at you while chanting.
You barely resist.
Your white imp hits Menkaure.
Your white imp freezes Menkaure.
Menkaure resists.
Fire: c) +3 sling
Press: ? - help, Q - select action, (/) - cycle Shift-Dir - straight line, f/p - Menkaure
Aim: Menkaure (heavily damaged, ally target, 73% to hit)
You shoot a sling bullet.
The sling bullet barely misses Menkaure.
Your white imp completely misses Menkaure.
Menkaure mumbles some strange words.
Menkaure seems to speed up.
Fire: c) +3 sling
Press: ? - help, Q - select action, (/) - cycle Shift-Dir - straight line, f/p - Menkaure
Aim: Menkaure (moderately damaged, fast, ally target, 73% to hit)
You shoot a sling bullet.
The sling bullet barely misses Menkaure.
Menkaure hits you!
Ouch! That really hurt!
Your white imp hits Menkaure.
Your white imp freezes Menkaure.
Menkaure resists.
Unknown command.
You feel better. Menkaure hits you!
Your white imp gestures at Menkaure.
The puff of frost hits Menkaure.
Menkaure resists.
Menkaure hits your white imp!
Your white imp dies!
Your white imp disappears in a puff of smoke!
Fire: c) +3 sling
Press: ? - help, Q - select action, (/) - cycle Shift-Dir - straight line, f/p - Menkaure
Aim: Menkaure (severely damaged, fast, unaware, hasn't noticed you, 73% to hit)
You shoot a sling bullet.
Menkaure shouts!
The sling bullet hits Menkaure.
Menkaure is severely damaged.
Menkaure casts a spell at you. Pain shoots through your body!
You die...

######..# ###.......# #...
..##....#######)...###..### #...
......###.............#...# ##.†
.#..................#.#.#.#####.#
###.###..#######.##.#.#.#.......#
#..##......####.##.....###..####
#.##..####....§.###.#..# #######
#.##.## #####M.# #.##.## ##...
#.#..# #.@# #.....####..##
##g..## ##.# ##......##.## .....#
#.# #..<.#....# .....# #.#
#....###### .....# #.# #....#
.....# ### ###### .....# .....#
.....#


You could see Menkaure (fast).

Vanquished Creatures
  3 adders
  3 dart slugs
  4 bats
  6 endoplasms
  A giant cockroach (D:2)
  2 hobgoblins (D:4)
  6 jackals
  6 quokkas
  2 ball pythons
  4 frilled lizards
  4 goblins
  6 kobolds
  6 rats
53 creatures vanquished.

Vanquished Creatures (collateral kills)
  An adder (D:2)
  2 dart slugs (D:1)
  4 jackals (D:1)
  A kobold (D:1)
  2 quokkas (D:1)
  2 frilled lizards (D:1)
  A rat (D:1)
13 creatures vanquished.

Vanquished Creatures (others)
  6 plants (D:2)
6 creatures vanquished.

Grand Total: 72 creatures vanquished

Notes
Turn   | Place    | Note
-------+----------+-------------------------------------------
     0 | D:1      | zeram the Gnoll Summoner began the quest for the Orb.
     0 | D:1      | Reached XP level 1. HP: 13/13 MP: 6/6
   651 | D:1      | Reached XP level 2. HP: 19/19 MP: 7/7
   654 | D:1      | Learned a level 2 spell: Call Imp
  1076 | D:1      | Reached skill level 5 in Spellcasting
  1076 | D:1      | Reached XP level 3. HP: 25/25 MP: 7/9
  1479 | D:1      | Reached skill level 1 in Invocations
  1977 | D:2      | Learned a level 3 spell: Call Canine Familiar
  2018 | D:2      | Reached skill level 1 in Fighting
  2018 | D:2      | Reached skill level 1 in Short Blades
  2018 | D:2      | Reached skill level 1 in Long Blades
  2018 | D:2      | Reached skill level 1 in Axes
  2018 | D:2      | Reached skill level 1 in Maces & Flails
  2018 | D:2      | Reached skill level 1 in Polearms
  2018 | D:2      | Reached skill level 1 in Staves
  2018 | D:2      | Reached skill level 1 in Ranged Weapons
  2018 | D:2      | Reached skill level 1 in Throwing
  2018 | D:2      | Reached skill level 1 in Armour
  2018 | D:2      | Reached skill level 1 in Shields
  2018 | D:2      | Reached skill level 1 in Unarmed Combat
  2018 | D:2      | Reached skill level 1 in Evocations
  2140 | D:2      | Found a faded altar of an unknown god.
  2161 | D:2      | Reached XP level 4. HP: 32/32 MP: 11/11
  2392 | D:2      | Found a glowing golden altar of the Shining One.
  2740 | D:2      | Reached skill level 1 in Conjurations
  2740 | D:2      | Reached skill level 1 in Hexes
  2740 | D:2      | Reached skill level 1 in Necromancy
  2740 | D:2      | Reached skill level 1 in Translocations
  2740 | D:2      | Reached skill level 1 in Transmutations
  2740 | D:2      | Reached skill level 1 in Fire Magic
  2740 | D:2      | Reached skill level 1 in Ice Magic
  2740 | D:2      | Reached skill level 1 in Air Magic
  2740 | D:2      | Reached skill level 1 in Earth Magic
  2740 | D:2      | Reached skill level 1 in Poison Magic
  2791 | D:2      | Learned a level 4 spell: Summon Lightning Spire
  3362 | D:4      | Noticed Menkaure
  4111 | D:3      | Killed from afar by Menkaure

Illustrated notes

Levels and vault maps discovered:
D:1:      sevenhm_arrival_forest_fort_small_3, layout_loops_ring
D:2:      layout_basic, serial_forest, infiniplex_forest_pool,
          infiniplex_forest_clump_long, infiniplex_forest_end_1,
          infiniplex_forest_clump_medium, infiniplex_forest_lined_room_,
          infiniplex_forest_clump_tiny, basic_altar, basic_ecumenical_altar,
          serial_bayou_lake_a
D:3:      layout_rooms
D:4:      layout_cave_pools, uniq_menkaure, uniq_robin

Skill      XL: |  1  2  3  4 |
---------------+-------------+-----
Spellcasting   | 5 |  5.1
Invocations    | 1 |  1.5
Fighting       | 1 |  1.3
Short Blades   | 1 |  1.3
Long Blades    | 1 |  1.3
Axes           | 1 |  1.3
Maces & Flails | 1 |  1.3
Polearms       | 1 |  1.3
Staves         | 1 |  1.3
Ranged Weapons | 1 |  1.3
Throwing       | 1 |  1.3
Armour         | 1 |  1.3
Shields        | 1 |  1.3
Unarmed Combat | 1 |  1.3
Evocations     | 1 |  1.3
Conjurations   | 1 |  1.1
Hexes          | 1 |  1.1
Necromancy     | 1 |  1.1
Translocations | 1 |  1.1
Transmutations | 1 |  1.1
Fire Magic     | 1 |  1.1
Ice Magic      | 1 |  1.1
Air Magic      | 1 |  1.1
Earth Magic    | 1 |  1.1
Poison Magic   | 1 |  1.1
Dodging        | |  4.7
Stealth        | |  4.3
Summonings     | |  7.1

Action                   |  1- 3 |  4- 6 || total
-------------------------+-------+-------++-------
Melee: Unarmed           |    16 |       ||    16
       Bite              |     5 |       ||     5
 Fire: Sling             |    73 |   118 ||   191
 Cast: Summon Small Mamm |     6 |       ||     6
       Call Imp          |     6 |     4 ||    10
  Use: Scroll            |     4 |    10 ||    14
       Potion            |     1 |     1 ||     2
 Stab: Sleeping          |     1 |       ||     1
Armor: Robe              |    10 |     6 ||    16
Dodge: Dodged            |    58 |    60 ||   118
